 Dungeon Crawl Stone Soup version 0.31-a0-1612-g4aaf141004 (webtiles) character file.

Game seed: 12141942060130961194

599 tilp the Chopper (level 7, 0/62 HPs)
             Began as a Minotaur Berserker on Jan 9, 2024.
             Was a Priest of Trog.
             Incinerated by a bombardier beetle (5 damage)
             ... with a burning spray
             ... on level 4 of the Dungeon.
             The game lasted 00:05:28 (3143 turns).

tilp the Chopper (Minotaur Berserker)               Turns: 3143, Time: 00:05:29

Health: 0/62       AC:  8    Str: 23    XL:     7   Next: 17%
Magic:  6/6        EV: 11    Int:  4    God:    Trog [***...]
Gold:   156        SH:  3    Dex: 10    Spells: 6/6 levels left

rFire   . . .        a - +0 hand axe
rCold   . . .        i - +0 buckler
rNeg    . . .        c - +1 ring mail
rPois   .            (helmet restricted)
rElec   .            k - +1 cloak
rCorr   .            (no gloves)
SInv    .            (no boots)
Will    .....        (no amulet) Stlth
                     (no ring)
HPRegen 0.30/turn    (no ring)
MPRegen 0.10/turn

%: no passive effects
@: on fire, glowing
A: horns 2, retaliatory headbutt
a: Renounce Religion, Berserk, Trog's Hand


You were on level 4 of the Dungeon.
You worshipped Trog.
Trog was most pleased with you.
You visited 1 branch of the dungeon, and saw 4 of its levels.
You also visited: Ossuary.

You collected 156 gold pieces.

Inventory:

Hand Weapons
 a - a +0 hand axe (weapon)
Missiles
 j - 21 stones (quivered)
Armour
 c - a +1 ring mail (worn)
 i - a +0 buckler (worn)
 k - a +1 cloak (worn)
Wands
 l - a wand of mindburst (12)
Scrolls
 g - 2 scrolls of enchant armour
 m - a scroll of poison
 q - a scroll of silence
Potions
 b - a potion of might {unknown}
 d - 5 potions of curing
 e - 2 potions of invisibility {unknown}
 f - 2 potions of degeneration
 h - a potion of resistance {unknown}
 n - a potion of mutation {unknown}
 o - 2 potions of attraction {unknown}
 p - 2 potions of brilliance {unknown}


   Skills:
 + Level 5.7 Fighting
 + Level 5.7 Axes
 + Level 2.6 Throwing
 - Level 2.4 Armour
 + Level 4.6 Dodging
 + Level 2.3 Evocations


You had 6 spell levels left.
You didn't know any spells.
Your spell library was empty.

Dungeon Overview and Level Annotations

Branches:
Dungeon (4/15)            Ossuary (visited)
 Temple: D:4-7

Altars:
Ashenzari
Fedhas
Hepliaklqana
Kikubaaqudgha
Zin

Shops:
D:2 [

Annotations:
D:4 Menkaure


Innate Abilities, Weirdness & Mutations

You have a pair of horns on your head.
You reflexively headbutt those who attack you in melee.


Message History

The burning spray hits you.
You are covered in liquid fire!
You hit the bombardier beetle but do no damage.
Your headbutt misses the bombardier beetle.
The liquid fire burns you!
Unknown command.
You slash the bombardier beetle!
The bombardier beetle is heavily wounded.
The liquid fire burns you!
The bombardier beetle bites you but does no damage.
Unknown command.
You hit the bombardier beetle.
The bombardier beetle is severely wounded.
The liquid fire burns you!
Menkaure mumbles some strange words.
Menkaure seems to speed up.
The bombardier beetle bites you.
You slash the bombardier beetle!
You kill the bombardier beetle!
Trog accepts your kill. The liquid fire burns you!
Menkaure casts a spell at you.
You struggle to resist.
You barely miss Menkaure. The liquid fire burns you! Menkaure hits you!
You are too injured to fight recklessly!
You are too injured to fight recklessly!
Unknown command.
You are too injured to fight recklessly!
You barely miss Menkaure. You hit the dart slug. The liquid fire burns you!
Menkaure hits you!!
* * * LOW HITPOINT WARNING * * *
The dart slug launches a dart at you. The slug dart misses you.
You hit Menkaure. You headbutt Menkaure!
Menkaure is severely damaged.
You hit the dart slug. The liquid fire burns you!
You die...

...########.#######†#########..>#
......÷.......# #..............
..#########.#.#######.#####.#..$#
### ##.##.#.........# #.##.##
##...#.##.#.###### #.#....
##......##.#.## #.#..##
#.......:.....# ..)..#
####......####..# ##.##.#
#.........# #@M# #....#
#.####..#.# #..w..<# #.##### #.#
#..#.# #......... ...... #.#
#..#.# #...#####. .##### #.#
#..#.####### ......
#.####..#........ .####.
#.......#.####### #. #.#####.#.#
## #.# #...# #


You could see Menkaure (fast) and a dart slug.

Vanquished Creatures
  An elf zombie (Ossuary)
  2 vampire bats (D:3)
  A bombardier beetle (D:4)
  A human zombie (Ossuary)
  2 centaur zombies (Ossuary)
  An iguana (D:3)
  An orc wizard (D:3)
  5 hound zombies (Ossuary)
  2 mummies (Ossuary)
  A gnoll (D:1)
  5 adders
  5 adder zombies (Ossuary)
  2 dart slugs (D:1)
  A ribbon worm (D:2)
  3 orcs (D:3)
  2 ball pythons
  2 bat skeletons (D:3)
  2 bat zombies (D:3)
  6 endoplasms
  4 giant cockroaches
  7 gnoll zombies (Ossuary)
  3 goblins
  4 hobgoblins
  A jackal (D:3)
  2 quokkas (D:4)
  6 bats
  2 frilled lizards
  5 jackal zombies (Ossuary)
  8 kobolds
  8 kobold zombies (Ossuary)
  2 orc zombies (Ossuary)
  8 rats
105 creatures vanquished.

Notes
Turn   | Place    | Note
-------+----------+-------------------------------------------
     0 | D:1      | tilp the Minotaur Berserker began the quest for the Orb.
     0 | D:1      | Reached XP level 1. HP: 19/19 MP: 0/0
   144 | D:1      | Reached XP level 2. HP: 26/27 MP: 1/1
   550 | D:1      | Reached XP level 3. HP: 17/33 MP: 2/2
   830 | D:2      | Reached ** piety under Trog
  1250 | D:2      | Reached XP level 4. HP: 41/41 MP: 3/3
  1250 | D:2      | Found Eshrepnu's Armour Shoppe.
  1516 | D:3      | Found a blossoming altar of Fedhas.
  1773 | D:3      | Reached XP level 5. HP: 40/47 MP: 4/4
  2068 | D:3      | Found a faded altar of an unknown god.
  2209 | D:3      | Found a glowing silver altar of Zin.
  2262 | D:3      | Found a hazy altar of Hepliaklqana.
  2444 | D:3      | Found an ancient bone altar of Kikubaaqudgha.
  2451 | D:3      | Reached skill level 5 in Fighting
  2451 | D:3      | Reached skill level 5 in Axes
  2451 | D:3      | Reached skill level 1 in Throwing
  2451 | D:3      | Reached skill level 1 in Evocations
  2660 | D:4      | Found a sand-covered staircase.
  2670 | Ossuary  | Entered an ossuary
  2696 | Ossuary  | Reached XP level 6. HP: 44/56 MP: 5/5
  2786 | Ossuary  | Reached *** piety under Trog
  2872 | Ossuary  | Reached XP level 7. HP: 42/62 MP: 6/6
  3095 | D:4      | Found a broken altar of Ashenzari.
  3135 | D:4      | Noticed Menkaure
  3143 | D:4      | Incinerated by a bombardier beetle

Illustrated notes

Levels and vault maps discovered:
D:1:      saegor_arrival_simple_b, layout_basic, serial_forest,
          infiniplex_forest_corner_1, infiniplex_forest_clump_double,
          infiniplex_forest_split, infiniplex_forest_lined_2,
          infiniplex_forest_clump_small, infiniplex_forest_lined_room_2
D:2:      layout_loops_cross, serial_shops, shop, kennysheep_another_room,
          serial_park_tiny_1
D:3:      layout_loops_ring, fedhas_altar_1, zin_statuary, marbit_many_paths,
          kennysheep_vampire_church, chequers_ecumenical_altar_simple_redux
D:4:      layout_loops_ring, ashenzari_altar_1, enter_ossuary_1,
          small_statue_intersection, nicolae_the_louvre, uniq_menkaure

Skill      XL: |  1  2  3  4  5  6 |
---------------+-------------------+-----
Axes           | 4 5 |  5.7
Fighting       | 4 5 |  5.7
Dodging        | 3 4 |  4.6
Throwing       | 1 2 |  2.6
Evocations     | 1 2 |  2.3
Armour         | |  2.4

Action                     |  1- 3 |  4- 6 |  7- 9 || total
---------------------------+-------+-------+-------++-------
  Melee: Hand axe          |    70 |   163 |    18 ||   251
         Headbutt          |    11 |    31 |     4 ||    46
 Invoke: Berserk           |       |     1 |       ||     1
    Use: Scroll            |     1 |     5 |     3 ||     9
         Potion            |       |     1 |       ||     1
 Armour: Ring mail         |    37 |   134 |    11 ||   182
         Animal skin       |     2 |       |       ||     2
  Dodge: Dodged            |    38 |   102 |     6 ||   146
  Block: Buckler           |     5 |    26 |     1 ||    32

Table legend: (Time is in decaauts)
 A = Elapsed time spent in this place.
 B = Non-inter-level travel time spent in this place.
 C = Inter-level travel time spent in this place.
 D = Time resting spent in this place.
 E = Time spent auto-exploring this place.
 F = Levels seen in this place.
 G = Mean time per level.
                   A        B        C        D        E       F      G
               +--------+--------+--------+--------+--------+-----+--------+
         Total |   3173 |   3060 |    113 |     94 |   2238 |   5 |  634.6 |
       Dungeon |   2808 |   2695 |    113 |     41 |   2123 |   4 |  702.0 |
       Ossuary |    365 |    365 |      0 |     53 |    115 |   1 |  365.0 |
               +--------+--------+--------+--------+--------+-----+--------+

Top non-repeatable levels by time:
     D:3: 1016 daAuts
     D:1: 807 daAuts
     D:2: 710 daAuts
 Ossuary: 365 daAuts
     D:4: 274 daAuts
